 Dungeon Crawl Stone Soup version 0.28.0 (webtiles) character file.

Game seed: 8074406949106710930

25 themarg the Caller (level 3, 0/25 HPs)
             Began as a Merfolk Summoner on Feb 11, 2022.
             Hit by a goblin thrown by Robin (1 damage)
             ... on level 1 of the Dungeon.
             The game lasted 00:05:24 (1260 turns).

themarg the Caller (Merfolk Summoner)               Turns: 1260, Time: 00:05:25

Health: 0/25       AC:  2    Str:  8    XL:     3   Next: 4%
Magic:  4/6        EV: 12    Int: 16    God:
Gold:   59         SH:  0    Dex: 14    Spells: 5/6 levels left

rFire   . . .      SeeInvis .   d - +0 short sword
rCold   . . .      Faith    .   (no shield)
rNeg    . . .      Spirit   .   a - +0 robe
rPois   .          Reflect  .   (no helmet)
rElec   .          Harm     .   (no cloak)
rCorr   .          Rampage  .   (no gloves)
Will    .....                   (no boots)
Stlth   ++........              (no amulet)
HPRegen 0.08/turn               (no ring)
MPRegen 0.10/turn               (no ring)

@: no status effects
A: (nimble swimmer 2), mertail
a: no special abilities


You were on level 1 of the Dungeon.
You visited 1 branch of the dungeon, and saw 2 of its levels.

You collected 59 gold pieces.

Inventory:

Hand Weapons
 b - a +0 club
 d - a +0 short sword (weapon)
Armour
 a - a +0 robe (worn)
Scrolls
 c - a scroll of identify {unknown}
 e - a scroll of magic mapping {unknown}
 f - a scroll of amnesia {unknown}
 g - a scroll of enchant weapon {unknown}


   Skills:
 + Level 0.7 Fighting
 + Level 0.2 Short Blades
 + Level 0.4 Maces & Flails
 + Level 2.8 Dodging
 + Level 2.3 Stealth
 + Level 2.0 Spellcasting
 + Level 4.5 Summonings


You had 5 spell levels left.
You knew the following spells:

 Your Spells              Type           Power      Damage    Failure   Level
a - Summon Small Mammal   Summ           64%        N/A       3%          1

Your spell library contained the following spells:

 Spells                   Type           Power      Damage    Failure   Level
 Call Imp                 Summ           16%        N/A       4%          2
 Call Canine Familiar     Summ           16%        N/A       10%         3
 Summon Guardian Golem    Hex/Summ       8%         N/A       24%         3
 Summon Lightning Spire   Summ/Air       8%         N/A       63%         4


Dungeon Overview and Level Annotations

Branches:
Dungeon (2/15)

Altars:

Annotations:
D:1 Robin


Innate Abilities, Weirdness & Mutations

((You are very nimble when in or above water. (Stealth+, EV+, Speed+++)))
Your lower body shifts to a powerful aquatic tail in water.


Message History

You hear a shout!
You hit Robin but do no damage.
Your rat bites Robin but does no damage.
A hobgoblin comes into view.
Your bat barely misses Robin.
Robin barely misses your rat.
You hit Robin.
Robin is lightly wounded.
Your bat hits Robin.
Your rat bites Robin.
Robin hits you with a +0 vorpal mace.
You hit Robin but do no damage.
Robin is moderately wounded.
Your bat hits Robin but does no damage.
Your rat bites Robin but does no damage.
Robin barely misses your rat.
Your bat hits Robin but does no damage. You closely miss Robin.
Robin is moderately wounded.
Your bat hits Robin but does no damage.
Your rat bites Robin.
Robin hits you with a +0 vorpal mace.
You hit Robin but do no damage.
Robin is moderately wounded.
Your bat barely misses Robin.
Your rat barely misses Robin.
Robin throws the goblin at you! The goblin closely misses you.
Your bat hits Robin but does no damage.
Your rat barely misses Robin.
Robin hits your rat with a +0 vorpal mace.
Your rat dies!
Your rat's corpse disappears in a puff of smoke!
The goblin hits you with a +0 club.
You climb upwards.
Your summoned ally is left behind.
There is a stone staircase leading down here.
Casting: Summon Small Mammal (safe; 3% risk of failure)
Confirm with . or Enter, or press ? or * to list all spells.
Robin completely misses you. The goblin hits you with a +0 club.
* * * LOW HITPOINT WARNING * * *
Robin says, "We wiped out the hill dwarves - you're next!"
The goblin hits you with a +0 club.
* * * LOW HITPOINT WARNING * * *
You hit Robin but do no damage.
Robin is moderately wounded.
Robin throws the goblin at you!
You die...

#### ####...#.........[######...
...# ##..........................
...# #..#...............######...
.(.###.#.........##..#### #...
...§................##########...
..§.....[.......>................
...##....##....r..#####.#######..
...##....###)...g## #.# #...
...#########....@## #.# #####
#### #.....g.# #.#####....
#.......# #.......... #.......#
#####...... ##.....## #######
##...## #####


You could see Robin, a goblin (strong, ally target) and a friendly rat
(summoned).

Vanquished Creatures
  A worm (D:2)
  A ball python (D:1)
  A bat (D:1)
  A goblin (D:1)
  A hobgoblin (D:2)
  2 kobolds (D:1)
  A rat (D:1)
8 creatures vanquished.

Vanquished Creatures (collateral kills)
  3 goblins
  2 hobgoblins
  2 ball pythons (D:1)
  2 bats (D:1)
  A frilled lizard (D:1)
  A kobold (D:1)
  A rat (D:1)
12 creatures vanquished.

Grand Total: 20 creatures vanquished

Notes
Turn   | Place    | Note
-------+----------+-------------------------------------------
     0 | D:1      | themarg the Merfolk Summoner began the quest for the Orb.
     0 | D:1      | Reached XP level 1. HP: 13/13 MP: 3/3
   246 | D:1      | Found a faded altar of an unknown god.
   291 | D:1      | Reached XP level 2. HP: 8/19 MP: 1/5
  1066 | D:2      | Noticed Robin
  1082 | D:2      | Reached XP level 3. HP: 12/25 MP: 3/6
  1257 | D:1      | HP: 1/25 [goblin[Robin] (5)]
  1260 | D:1      | Hit by a goblin thrown by Robin

Illustrated notes

Levels and vault maps discovered:
D:1:      eino_arrival_cavern_c, layout_rooms, shapermc_ecumenical_altar_venn
D:2:      layout_rooms, uniq_crazy_yiuf_cottage, uniq_jessica, uniq_robin

Action                   || total
-------------------------++-------
Melee: Club              ||    12
       Unarmed           ||     5
       Short sword       ||    30
       Punch             ||     1
 Cast: Summon Small Mamm ||    26
 Stab: Distracted        ||     1
Armor: Robe              ||    14
Dodge: Dodged            ||    35
